| TOP OF THE 1ST |
|
Daytona Beach Islanders batting - Pitching for Tampa Pirates : RHP Ray Pacheco
|
|
Pitching: RHP Ray Pacheco
|
|
|
Batting: SHB Michael Frierson
|
0-0: SINGLE (Groundball, 34D, EV 111.9 MPH) (infield hit)
|
|
Batting: RHB Kalvin Adams
|
0-0: Called Strike 0-1: Ball Michael Frierson steals 2nd base 1-1: Foul Ball, location: 2F 1-2: Ball 2-2: Strikes out swinging
|
|
Batting: SHB Randle Granger
|
0-0: DOUBLE (Line Drive, 7LM, EV 98.1 MPH) Michael Frierson scores
|
|
Batting: RHB Steven Houlberg
|
0-0: Ball 1-0: Ball 2-0: Called Strike Randle Granger steals 3rd base (no throw) 2-1: Called Strike 2-2: Ball 3-2: Fly out, F9 (Flyball, 9LM, EV 80.6 MPH) Runner from 3rd tags up, SCORES, throw by RF
|
|
Batting: RHB Columbus Duncan
|
0-0: Ball 1-0: Swinging Strike 1-1: Ground out U3 (Groundball, 34S, EV 91.9 MPH)
|
| Top of the 1st over - 2 runs, 2 hits, 0 errors, 0 left on base; Daytona Beach 2 - Tampa 0 |
| BOTTOM OF THE 1ST |
|
Tampa Pirates batting - Pitching for Daytona Beach Islanders : LHP Carlton Roberts
|
|
Pitching: LHP Carlton Roberts
|
|
|
Batting: RHB Charles Jennings
|
0-0: Foul Ball, location: 2F 0-1: Ball 1-1: Reached on error, E4 (Groundball, 4D, EV 101.9 MPH)
|
|
Batting: RHB Ricky Jones
|
0-0: Ball 1-0: Ball 2-0: Called Strike 2-1: Foul Ball, location: 2F 2-2: Ball Wild Pitch! Charles Jennings to second 3-2: Foul Ball, location: 2F 3-2: Ground out 4-3 (Groundball, 4, EV 85.0 MPH) Charles Jennings to third
|
|
Batting: LHB Pedro Nunez
|
0-0: Ball 1-0: Called Strike 1-1: Ball 2-1: Reached on error, E4 (Groundball, 4M, EV 98.8 MPH) Charles Jennings scores
|
|
Batting: RHB Roy Wolfe
|
0-0: Foul Ball, location: 2F 0-1: Foul Ball, location: 2F 0-2: SINGLE (Popup, 3D, EV 68.8 MPH) Pedro Nunez to second
|
|
Batting: LHB David Frederick
|
0-0: Ball 1-0: Ball 2-0: Ball 3-0: Base on Balls Pedro Nunez to third Roy Wolfe to second
|
|
Batting: LHB John Westmoreland
|
0-0: Ball 1-0: Ball 2-0: Called Strike 2-1: Ball 3-1: Foul Ball, location: 2F 3-2: Grounds into double play, 6-4-3 (Groundball, 6, EV 100.0 MPH)
|
| Bottom of the 1st over - 1 run, 1 hit, 2 errors, 2 left on base; Daytona Beach 2 - Tampa 1 |
| TOP OF THE 2ND |
|
Daytona Beach Islanders batting - Pitching for Tampa Pirates : RHP Ray Pacheco
|
|
Batting: RHB Michael Lavery
|
0-0: Ball 1-0: Ball 2-0: Called Strike 2-1: Ball 3-1: Base on Balls
|
|
Batting: RHB Francisco Gonzalez
|
0-0: Ball 1-0: Ball 2-0: Ball 3-0: Called Strike 3-1: DOUBLE (Flyball, 89D, EV 105.0 MPH) Michael Lavery to third
|
|
Batting: RHB Jeffrey Coker
|
0-0: Called Strike 0-1: Ball 1-1: Ball 2-1: Fly out, F8 (Flyball, 8RM, EV 89.4 MPH)
|
|
Batting: RHB Robert Whitfield
|
0-0: Fly out, F7 (Flyball, 78D, EV 97.5 MPH) Throwing error, E7 Michael Lavery scores Francisco Gonzalez to third
|
|
Batting: SHB Michael Frierson
|
0-0: Ball 1-0: Swinging Strike 1-1: Ball 2-1: Called Strike 2-2: Ground out 4-3 (Groundball, 4, EV 88.1 MPH)
|
| Top of the 2nd over - 1 run, 1 hit, 1 error, 1 left on base; Daytona Beach 3 - Tampa 1 |
| BOTTOM OF THE 2ND |
|
Tampa Pirates batting - Pitching for Daytona Beach Islanders : LHP Carlton Roberts
|
|
Batting: RHB Cliff Pastornicky
|
0-0: Ground out 4-3 (Groundball, 4S, EV 87.5 MPH)
|
|
Batting: RHB James Padula
|
0-0: Ball 1-0: Fly out, F3 (Popup, 3F, EV 71.3 MPH)
|
|
Batting: RHB Roy Dixon
|
0-0: Called Strike 0-1: Called Strike 0-2: Foul Ball, location: 2F 0-2: SINGLE (Groundball, 5S, EV 69.4 MPH) (infield hit)
|
|
Batting: RHB Charles Jennings
|
0-0: Ball 1-0: Ball 2-0: Ball 3-0: Base on Balls Roy Dixon to second
|
|
Batting: RHB Ricky Jones
|
0-0: Foul Ball, location: 2F 0-1: Called Strike 0-2: Foul Ball, location: 2F 0-2: Fielders Choice at 2nd, 5-4 (Groundball, 56, EV 85.0 MPH)
|
| Bottom of the 2nd over - 0 runs, 1 hit, 0 errors, 2 left on base; Daytona Beach 3 - Tampa 1 |
| TOP OF THE 3RD |
|
Daytona Beach Islanders batting - Pitching for Tampa Pirates : RHP Ray Pacheco
|
|
Batting: RHB Kalvin Adams
|
0-0: Called Strike 0-1: Called Strike 0-2: Foul Ball, location: 2F 0-2: Ball 1-2: Foul Ball, location: 2F 1-2: Ball 2-2: Foul Ball, location: 2F 2-2: Ground out 5-3 (Groundball, 5, EV 101.3 MPH)
|
|
Batting: SHB Randle Granger
|
0-0: Called Strike 0-1: Ball 1-1: Foul Ball, location: 2F 1-2: Strikes out looking
|
|
Batting: RHB Steven Houlberg
|
0-0: Ball 1-0: Foul Ball, location: 2F 1-1: Foul Ball, location: 2F 1-2: Strikes out looking
|
| Top of the 3rd over - 0 runs, 0 hits, 0 errors, 0 left on base; Daytona Beach 3 - Tampa 1 |
| BOTTOM OF THE 3RD |
|
Tampa Pirates batting - Pitching for Daytona Beach Islanders : LHP Carlton Roberts
|
|
Batting: LHB Pedro Nunez
|
0-0: Called Strike 0-1: Ball 1-1: Fly out, F3 (Line Drive, 3, EV 68.8 MPH)
|
|
Batting: RHB Roy Wolfe
|
0-0: Ground out 5-3 (Groundball, 56, EV 83.8 MPH)
|
|
Batting: LHB David Frederick
|
0-0: Ball 1-0: Ball 2-0: Ball 3-0: Foul Ball, location: 2F 3-1: Foul Ball, location: 2F 3-2: Base on Balls
|
|
Batting: LHB John Westmoreland
|
0-0: Ball 1-0: Called Strike 1-1: Called Strike David Frederick is caught stealing 2nd base 2-6
|
| Bottom of the 3rd over - 0 runs, 0 hits, 0 errors, 0 left on base; Daytona Beach 3 - Tampa 1 |
| TOP OF THE 4TH |
|
Daytona Beach Islanders batting - Pitching for Tampa Pirates : RHP Ray Pacheco
|
|
Batting: RHB Columbus Duncan
|
0-0: Ball 1-0: Fly out, F8 (Flyball, 8LD, EV 88.8 MPH)
|
|
Batting: RHB Michael Lavery
|
0-0: Foul Ball, location: 2F 0-1: Fly out, F9 (Flyball, 89S, EV 88.8 MPH)
|
|
Batting: RHB Francisco Gonzalez
|
0-0: Swinging Strike 0-1: Called Strike 0-2: Ball 1-2: Fly out, F8 (Flyball, 8LD, EV 102.5 MPH)
|
| Top of the 4th over - 0 runs, 0 hits, 0 errors, 0 left on base; Daytona Beach 3 - Tampa 1 |
| BOTTOM OF THE 4TH |
|
Tampa Pirates batting - Pitching for Daytona Beach Islanders : LHP Carlton Roberts
|
|
Batting: LHB John Westmoreland
|
0-0: Ball 1-0: Ball 2-0: Ball 3-0: Called Strike 3-1: Fly out, F7 (Flyball, 7, EV 90.6 MPH)
|
|
Batting: RHB Cliff Pastornicky
|
0-0: Called Strike 0-1: Ball 1-1: Reached via error on a dropped throw from 1B, E1 (Groundball, 34, EV 90.0 MPH)
|
|
Batting: RHB James Padula
|
0-0: Ball 1-0: Foul Ball, location: 2F 1-1: Called Strike 1-2: Ball Cliff Pastornicky steals 2nd base 2-2: Ground out U3 (Groundball, 34, EV 103.1 MPH) Cliff Pastornicky to third
|
|
Batting: RHB Roy Dixon
|
0-0: Swinging Strike 0-1: Ball 1-1: Called Strike 1-2: Fly out, F8 (Line Drive, 8RM, EV 90.0 MPH)
|
| Bottom of the 4th over - 0 runs, 0 hits, 1 error, 1 left on base; Daytona Beach 3 - Tampa 1 |
| TOP OF THE 5TH |
|
Daytona Beach Islanders batting - Pitching for Tampa Pirates : RHP Ray Pacheco
|
|
Batting: RHB Jeffrey Coker
|
0-0: Ball 1-0: Ball 2-0: Ball 3-0: Called Strike 3-1: Ground out 6-3 (Groundball, 56, EV 81.3 MPH)
|
|
Batting: RHB Robert Whitfield
|
0-0: Swinging Strike 0-1: Called Strike 0-2: Ball 1-2: SINGLE (Groundball, 4S, EV 68.1 MPH) (infield hit)
|
|
Batting: SHB Michael Frierson
|
0-0: Ball Robert Whitfield steals 2nd base 1-0: Called Strike 1-1: SINGLE (Line Drive, 34D, EV 103.1 MPH) Robert Whitfield to third Runner from 3rd tries for Home, throw by RF and OUT! 9-2
|
|
Batting: RHB Kalvin Adams
|
0-0: Ball Michael Frierson steals 2nd base 1-0: Fly out, F8 (Flyball, 78M, EV 75.6 MPH)
|
| Top of the 5th over - 0 runs, 2 hits, 0 errors, 1 left on base; Daytona Beach 3 - Tampa 1 |
| BOTTOM OF THE 5TH |
|
Tampa Pirates batting - Pitching for Daytona Beach Islanders : LHP Carlton Roberts
|
|
Batting: RHB Charles Jennings
|
0-0: Ball 1-0: Ground out 5-3 (Groundball, 56, EV 102.5 MPH)
|
|
Batting: RHB Ricky Jones
|
0-0: Foul Ball, location: 2F 0-1: Fly out, F7 (Line Drive, 7, EV 97.5 MPH)
|
|
Batting: LHB Pedro Nunez
|
0-0: Swinging Strike 0-1: Ball 1-1: Ball 2-1: Fly out, F8 (Flyball, 8RD, EV 103.1 MPH)
|
| Bottom of the 5th over - 0 runs, 0 hits, 0 errors, 0 left on base; Daytona Beach 3 - Tampa 1 |
| TOP OF THE 6TH |
|
Daytona Beach Islanders batting - Pitching for Tampa Pirates : RHP Ray Pacheco
|
|
Batting: SHB Randle Granger
|
0-0: Ground out 6-3 (Groundball, 6, EV 87.5 MPH)
|
|
Batting: RHB Steven Houlberg
|
0-0: Ball 1-0: Called Strike 1-1: Ball 2-1: SINGLE (Groundball, 25, EV 75.6 MPH) (infield hit)
|
|
Batting: RHB Columbus Duncan
|
0-0: Ball 1-0: Foul Ball, location: 2F 1-1: Ball 2-1: Foul Ball, location: 2F 2-2: Foul Ball, location: 2F 2-2: Foul Ball, location: 2F 2-2: Ball 3-2: Fly out, F8 (Flyball, 8RXD, EV 110.0 MPH)
|
|
Batting: RHB Michael Lavery
|
0-0: Ball 1-0: Called Strike 1-1: Called Strike Steven Houlberg steals 2nd base 1-2: Foul Ball, location: 2F 1-2: Ground out 6-3 (Groundball, 6M, EV 111.3 MPH)
|
| Top of the 6th over - 0 runs, 1 hit, 0 errors, 1 left on base; Daytona Beach 3 - Tampa 1 |
| BOTTOM OF THE 6TH |
|
Tampa Pirates batting - Pitching for Daytona Beach Islanders : LHP Carlton Roberts
|
|
Batting: RHB Roy Wolfe
|
0-0: Ball 1-0: Fly out, F7 (Flyball, 78S, EV 74.4 MPH)
|
|
Batting: LHB David Frederick
|
0-0: SOLO HOME RUN (Flyball, 9D, EV 100.0 MPH), Distance : 377 ft
|
|
Batting: LHB John Westmoreland
|
0-0: Ball 1-0: Ball 2-0: Ground out 4-3 (Groundball, 4, EV 85.6 MPH)
|
|
Batting: RHB Cliff Pastornicky
|
0-0: Ball 1-0: Ball 2-0: Ground out 5-3 (Groundball, 56, EV 103.8 MPH)
|
| Bottom of the 6th over - 1 run, 1 hit, 0 errors, 0 left on base; Daytona Beach 3 - Tampa 2 |
| TOP OF THE 7TH |
|
Daytona Beach Islanders batting - Pitching for Tampa Pirates : RHP Ray Pacheco
|
|
Batting: RHB Francisco Gonzalez
|
0-0: Swinging Strike 0-1: Ball 1-1: Foul Ball, location: 2F 1-2: Strikes out swinging
|
|
Batting: RHB Jeffrey Coker
|
0-0: Called Strike 0-1: Ball 1-1: Called Strike 1-2: SINGLE (Line Drive, 34D, EV 97.5 MPH)
|
|
Batting: RHB Robert Whitfield
|
0-0: Swinging Strike 0-1: Swinging Strike 0-2: Strikes out swinging
|
|
Batting: SHB Michael Frierson
|
0-0: Called Strike 0-1: DOUBLE (Groundball, 5L, EV 111.3 MPH) Jeffrey Coker to third Runner from 3rd tries for Home, SAFE, no throw by LF
|
|
Batting: RHB Kalvin Adams
|
0-0: Foul Ball, location: 2F 0-1: Ground out 2-3 (Groundball, 2L, EV 69.4 MPH)
|
| Top of the 7th over - 1 run, 2 hits, 0 errors, 1 left on base; Daytona Beach 4 - Tampa 2 |
| BOTTOM OF THE 7TH |
|
Tampa Pirates batting - Pitching for Daytona Beach Islanders : LHP Carlton Roberts
|
|
Batting: RHB James Padula
|
0-0: Ground out 4-3 (Groundball, 4M, EV 106.9 MPH)
|
|
Batting: RHB Roy Dixon
|
0-0: Ball 1-0: Foul Ball, location: 2F 1-1: Ball 2-1: Fly out, F7 (Flyball, 7S, EV 81.9 MPH)
|
|
Batting: RHB Charles Jennings
|
0-0: Foul Ball, location: 2F 0-1: Ground out 5-3 (Groundball, 56, EV 103.8 MPH)
|
| Bottom of the 7th over - 0 runs, 0 hits, 0 errors, 0 left on base; Daytona Beach 4 - Tampa 2 |
| TOP OF THE 8TH |
|
Daytona Beach Islanders batting - Pitching for Tampa Pirates : RHP Ray Pacheco
|
|
Batting: SHB Randle Granger
|
0-0: Ball 1-0: Ball 2-0: Called Strike 2-1: Foul Ball, location: 2F 2-2: Fly out, F7 (Flyball, 7, EV 87.5 MPH)
|
|
Batting: RHB Steven Houlberg
|
0-0: Called Strike 0-1: Ground out 4-3 (Groundball, 34, EV 78.8 MPH)
|
|
Batting: RHB Columbus Duncan
|
0-0: Ball 1-0: Ball 2-0: Called Strike 2-1: Fly out, F3 (Popup, 34, EV 63.1 MPH)
|
| Top of the 8th over - 0 runs, 0 hits, 0 errors, 0 left on base; Daytona Beach 4 - Tampa 2 |
| BOTTOM OF THE 8TH |
|
Tampa Pirates batting - Pitching for Daytona Beach Islanders : LHP Carlton Roberts
|
|
Now at 1B: Tarry Boelter
|
|
|
Batting: RHB Ricky Jones
|
0-0: Ball 1-0: Called Strike 1-1: SINGLE (Line Drive, 78M, EV 95.6 MPH)
|
|
Batting: LHB Pedro Nunez
|
0-0: SINGLE (Groundball, 4MD, EV 97.5 MPH) Ricky Jones to second
|
|
Batting: RHB Roy Wolfe
|
0-0: Ball 1-0: SINGLE (Groundball, 25, EV 71.3 MPH) (infield hit) Ricky Jones to third Pedro Nunez to second
|
|
Batting: LHB David Frederick
|
0-0: Grounds into fielders choice 1-2 (Groundball, 15, EV 76.9 MPH) Pedro Nunez to third Roy Wolfe to second
|
|
Batting: LHB John Westmoreland
|
0-0: Foul Ball, location: 2F 0-1: Ball 1-1: Called Strike 1-2: Ball 2-2: Ball 3-2: Fly out, F2 (Popup, 2RF, EV 84.4 MPH)
|
|
Batting: RHB Cliff Pastornicky
|
0-0: SINGLE (Flyball, 56D, EV 100.0 MPH) Pedro Nunez scores Roy Wolfe to third David Frederick to second Runner from 3rd tries for Home, SAFE, throw by LF to home
|
|
Batting: RHB James Padula
|
0-0: Foul Ball, location: 2F 0-1: Ball 1-1: Foul Ball, location: 2F 1-2: SINGLE (Line Drive, 9LS, EV 101.9 MPH) David Frederick to third Cliff Pastornicky to second Runner from 3rd tries for Home, SAFE, throw by RF to home
|
|
Pitching: RHP Nelson Munoz
|
|
|
Batting: RHB Roy Dixon
|
0-0: Ball 1-0: Swinging Strike 1-1: Ball 2-1: Ball 3-1: Fly out, F9 (Line Drive, 9, EV 94.4 MPH)
|
| Bottom of the 8th over - 3 runs, 5 hits, 0 errors, 2 left on base; Daytona Beach 4 - Tampa 5 |
| TOP OF THE 9TH |
|
Daytona Beach Islanders batting - Pitching for Tampa Pirates : RHP Ray Pacheco
|
|
Pitching: RHP Brian McCaslin
|
|
|
Batting: RHB Michael Lavery
|
0-0: Ball 1-0: Foul Ball, location: 2F 1-1: Ball 2-1: Called Strike 2-2: Strikes out swinging
|
|
Pinch Hitting: RHB Steven Roberts
|
0-0: Called Strike 0-1: Foul Ball, location: 2F 0-2: Fly out, F9 (Flyball, 9LM, EV 103.8 MPH)
|
|
Batting: RHB Jeffrey Coker
|
0-0: Foul Ball, location: 2F 0-1: Swinging Strike 0-2: Foul Ball, location: 2F 0-2: Ball 1-2: Ball 2-2: Ball 3-2: Fly out, F9 (Flyball, 9D, EV 104.4 MPH)
|
| Top of the 9th over - 0 runs, 0 hits, 0 errors, 0 left on base; Daytona Beach 4 - Tampa 5 |
|